 Dungeon Crawl Stone Soup version 0.29-a0-356-g7bc237e783 (webtiles) character file.

Game seed: 9012331095268699365

9 Zeldest the Insei (level 2, 4/21 HPs)
             Began as a Demonspawn Transmuter on Apr 25, 2022.
             Quit the game on level 1 of the Dungeon.
             The game lasted 00:01:05 (132 turns).

Zeldest the Insei (Demonspawn Transmuter)            Turns: 132, Time: 00:01:06

Health: 4/21       AC:  2    Str: 10    XL:     2   Next: 3%
Magic:  4/5        EV: 12    Int: 14    God:
Gold:   10         SH:  0    Dex: 13    Spells: 4/5 levels left

rFire   + . .      SeeInvis .     - Unarmed
rCold   . . .      Faith    .   (no shield)
rNeg    . . .      Spirit   .   a - +0 robe
rPois   .          Reflect  .   (helmet restricted)
rElec   .          Harm     .   (no cloak)
rCorr   .          Rampage  .   (no gloves)
Will    .....                   (no boots)
Stlth   +.........              (no amulet)
HPRegen 0.07/turn               c - ring of protection from fire
MPRegen 0.09/turn               (no ring)

@: no status effects
A: horns 1
a: no special abilities


You were on level 1 of the Dungeon.
You visited 1 branch of the dungeon, and saw 1 of its levels.

You collected 10 gold pieces.

Inventory:

Armour
 a - a +0 robe (worn)
 d - a +0 buckler
Jewellery
 c - a ring of protection from fire (left hand)
 f - a ring of protection from fire
Scrolls
 e - a scroll of noise {unknown}
 g - 2 scrolls of fog {unknown}
 i - a scroll of identify {unknown}
Potions
 b - a potion of lignification
 h - a potion of resistance {unknown}


   Skills:
 + Level 1.3 Fighting
 - Level 1.9 Dodging
 + Level 0.1 Shields
 + Level 2.8 Unarmed Combat
 - Level 2.0 Spellcasting
 + Level 1.9 Transmutations


You had 4 spell levels left.
You knew the following spells:

 Your Spells              Type           Power      Damage    Failure   Level
a - Beastly Appendage     Tmut           12%        N/A       11%         1

Your spell library contained the following spells:

 Spells                   Type           Power      Damage    Failure   Level
 Wereblood                Tmut           6%         N/A       16%         2
 Spider Form              Tmut/Pois      4%         N/A       43%         3
 Ice Form                 Ice/Tmut       4%         N/A       83%         4


Dungeon Overview and Level Annotations

Branches:
Dungeon (1/15)

Altars:


Innate Abilities, Weirdness & Mutations

You have a pair of small horns on your head.


Message History

Found a fuming blue potion.
Your horns disappear.
Your talons disappear.
h - a fuming blue potion
Found a stone staircase leading down.
Found a scroll labelled HUFAUS OVOPAUM.
A kobold comes into view. It is wielding a +0 club.
Things that are here:
a scroll labelled HUFAUS OVOPAUM; a scroll labelled XUM UNAVEBBOKH
g - 2 scrolls labelled HUFAUS OVOPAUM (gained 1)
i - a scroll labelled XUM UNAVEBBOKH
Found a scale mail.
Casting: Beastly Appendage (safe; 11% risk of failure)
Confirm with . or Enter, or press ? or * to list all spells.
You grow a pair of large bovine horns.
Your feet morph into talons.
The kobold throws a stone.
The stone barely misses you.
The kobold throws a stone.
The stone closely misses you.
A quokka comes into view.
Your transformation is almost over.
Found a stone staircase leading down.
The kobold hits you with a +0 club.
You miss the kobold. You claw the kobold, but do no damage.
The kobold hits you with a +0 club.
You barely miss the kobold. Your kick misses the kobold.
The quokka twitches its whiskers.
The kobold completely misses you.
You hit the kobold. Your kick misses the kobold. You headbutt the kobold.
You kill the kobold!
The quokka bites you. x2
You hit the quokka but do no damage. Your headbutt misses the quokka.
The quokka bites you.
* * * LOW HITPOINT WARNING * * *
You hit the quokka. You claw the quokka.
You kill the quokka!
You have reached level 2!
Your demonic ancestry asserts itself...
Your mutations feel more permanent.
Found 3 yellow potions.
Your horns shrink.
Your talons disappear.
A hobgoblin comes into view.
The hobgoblin shouts!
Are you sure you want to abandon this character and quit the game? (Confirm with "yes".)

#.≈≈≈..(...#
.#.......#≈≈≈..≈≈##
.....g...#≈≈≈≈≈≈≈#
#.......#############
##...................##
.>......[.... #...##
#..........# ##.....
#..........# .##.....
.......@...## #.######.
.......)....###......#..
.....###.###...........#
.......†..#.#.#..#####.)
##.#######.#.....## ##.
# #........# #.
#.......#.## #.
##.....###. #.
##...#.#.# ##.


You could see a hobgoblin.

Vanquished Creatures
  2 endoplasms (D:1)
  A giant cockroach (D:1)
  A goblin (D:1)
  A quokka (D:1)
  2 kobolds (D:1)
  A rat (D:1)
8 creatures vanquished.

Notes
Turn   | Place    | Note
-------+----------+-------------------------------------------
     0 | D:1      | Zeldest the Demonspawn Transmuter began the quest for the
                  | Orb.
     0 | D:1      | Reached XP level 1. HP: 15/15 MP: 3/3
   130 | D:1      | Mutation became permanent: You have a pair of small horns
                  | on your head. [demonic ancestry]
   130 | D:1      | Gained mutation: You have a pair of horns on your head.
                  | [demonic ancestry]
   130 | D:1      | Reached XP level 2. HP: 4/21 MP: 3/5
   132 | D:1      | Quit the game

Illustrated notes

Levels and vault maps discovered:
D:1:      dpeg_arrival_pond, layout_loops_ring,
          hellmonk_ecumenical_altar_pennies_from_heaven, minmay_misc_feat_tower,
          chequers_serial_rivers_room_a

Action                   || total
-------------------------++-------
Melee: Unarmed           ||    16
       Kick              ||     6
       Headbutt          ||     2
 Cast: Beastly Appendage ||     6
 Stab: Sleeping          ||     1
Dodge: Dodged            ||     6

Table legend: (Time is in decaauts)
 A = Elapsed time spent in this place.
 B = Non-inter-level travel time spent in this place.
 C = Inter-level travel time spent in this place.
 D = Time resting spent in this place.
 E = Time spent auto-exploring this place.
 F = Levels seen in this place.
 G = Mean time per level.
                   A        B        C        D        E       F      G
               +--------+--------+--------+--------+--------+-----+--------+
         Total |    130 |    130 |      0 |      0 |      0 |   1 |  130.0 |
       Dungeon |    130 |    130 |      0 |      0 |      0 |   1 |  130.0 |
               +--------+--------+--------+--------+--------+-----+--------+

Top non-repeatable levels by time:
     D:1: 130 daAuts
